 Dungeon Crawl Stone Soup version 0.15.0-31-geb66e34 (console) character file.

244 gw the Cudgeler (level 5, -1/49 HPs)
             Began as a Deep Dwarf Gladiator on Sept 14, 2014.
             Slain by an ogre
             ... wielding a +0 giant spiked club
              (14 damage)
             ... on Level 4 of the Dungeon.
             The game lasted 00:02:11 (2668 turns).

gw the Cudgeler (Deep Dwarf Gladiator)              Turns: 2668, Time: 00:02:11

HP  -1/49        AC 11     Str 19      XL: 5   Next: 83%
MP   5/5         EV  7     Int  8      God:
Gold 0           SH  0     Dex 11 (14) Spells:  0 memorised,  4 levels left

rFire  . . .     SeeInvis .     a - +0 flail
rCold  . . .     Clarity  .     p - +0 chain mail
rNeg   . . .     rCorr    .     (no shield)
rPois  .         rRot     .     c - +0 helmet
rElec  .         Spirit   .     j - +0 cloak
SustAb .         Warding  .     (no gloves)
rMut   .         Stasis   .     (no boots)
Gourm  .                        (no amulet)
MR     .....                    (no ring)
                                (no ring)

@: non-regenerating, not resistant to hostile enchantments, extremely unstealthy
A: damage resistance, recharge devices, sense surroundings 1, slow healing 3
a: Device Recharging


You were on level 4 of the Dungeon.
You were hungry.

You visited 1 branch of the dungeon, and saw 4 of its levels.

Inventory:

Hand weapons
 a - a +0 flail (weapon)
Missiles
 d - 3 throwing nets
Armour
 c - a +0 helmet (worn)
 j - a +0 cloak (worn)
 p - a +0 chain mail (worn)
Magical devices
 e - a wand of heal wounds (3)
Comestibles
 f - 7 bread rations
 g - 2 beef jerkies
 h - 6 fruits
 i - 2 chunks of orc flesh
 m - 2 meat rations
 o - 4 slices of pizza
Scrolls
 b - a scroll of remove curse
 k - a scroll of fear
 l - a scroll of immolation {unknown}
Potions
 n - a potion of curing
 q - a potion of heal wounds
 r - 2 potions of brilliance {unknown}


   Skills:
 + Level 3.1 Fighting
 * Level 5.1 Maces & Flails
 - Level 1.7 Throwing
 + Level 2.9 Armour
 - Level 3.2 Dodging


You had 4 spell levels left.
You didn't know any spells.

Dungeon Overview and Level Annotations

Branches:
Dungeon (4/15)
 Temple: D:4-7

Altars:
Nemelex Xobeh

Annotations:
D:3 exclusion: downstairs


Innate Abilities, Weirdness & Mutations

You are resistant to damage.
You can recharge devices by infusing magical energy.
You passively map a small area around you.
You do not heal naturally.


Message History

The ogre hits you with a giant spiked club!
MOVING TO (2,6) MOVING TO (2,5) MOVING TO (2,4) MOVING TO (2,3) MOVING TO (1,2) MOVING TO (0,1) MOVING TO (1,8) MOVING TO (1,7) MOVING TO (1,6) MOVING TO (1,5)
You are feeling hungry.
MOVING TO (1,4) MOVING TO (1,3) MOVING TO (1,2) MOVING TO (1,1) MOVING TO (7,4) MOVING TO (6,3)
The ogre hits you with a giant spiked club!
You die...

##.###..## #.#
#..# ##......##
#.# #..# *
#.......# #.#
#.)# #####(..##
##.# #..#
##...###..#
#..#
##.......###..#
##...........#
#.[.....O...#
####.....g..##
########
##...###..##
#......# ##.##
##..## *
.####..# ###
##..## ## ##.#
##..## * # #.#
##..# #.# #..##
#.## ####[.# *
#..##
###...#..#


You could see an ogre.

Table legend:
 A = Turns spent in this place as a percentage of turns spent in the entire game.
 B = Non-inter-level travel turns spent in this place as a percentage of non-inter-level travel turns spent in the entire game.
 C = Inter-level travel turns spent in this place as a percentage of turns spent in this place.
 D = Turns resting spent in this place as a percentage of non-inter-level travel turns spent in this place.
 E = Turns spent auto-exploring this place as a percentage of non-inter-level travel turns spent in this place.
 F = Non-inter-level travel turns spent in this place divided by the number of levels of this place that you've seen.
                   A       B       C       D       E      F
               +-------+-------+-------+-------+-------+----------------------
         Total | 100.0 | 100.0 |   1.4 |   0.0 |  11.6 | 309.2
       Dungeon | 100.0 | 100.0 |   1.4 |   0.0 |  11.6 | 309.2
               +-------+-------+-------+-------+-------+----------------------

Table legend:
 A = Kills in this place as a percentage of kills in entire the game.
 B = Kills by you in this place as a percentage of kills by you in the entire game.
 C = Kills by friends in this place as a percentage of kills by friends in the entire game.
 D = Other kills in this place as a percentage of other kills in the entire game.
 E = Experience gained in this place as a percentage of experience gained in the entire game.
 F = Experience gained in this place divided by the number of levels of this place that you have seen.
                   A       B       C       D       E      F
               +-------+-------+-------+-------+-------+----------------------
         Total | 100.0 | 100.0 |  -nan |  -nan | 100.0 |  87.2
       Dungeon | 100.0 | 100.0 |  -nan |  -nan | 100.0 |  87.2
               +-------+-------+-------+-------+-------+----------------------

Vanquished Creatures
  The ghost of tkappleton the Magician, an average HaWz (D:3)
  An iguana (D:4)
  An orc wizard (D:4)
  3 adders
  2 oozes
  5 orcs
  3 bats
  A giant cockroach (D:2)
  7 hobgoblins
  4 jackals (D:1)
  A quokka (D:3)
  2 giant newts (D:3)
  3 goblins
  3 kobolds
  8 rats
45 creatures vanquished.

Notes
Turn   | Place    | Note
--------------------------------------------------------------
     0 | D:1      | gw, the Deep Dwarf Gladiator, began the quest for the Orb.
     0 | D:1      | Reached XP level 1. HP: 19/19 MP: 1/1
    79 | D:1      | Reached XP level 2. HP: 24/26 MP: 2/2
   888 | D:2      | Reached skill level 1 in Armour
  1435 | D:2      | Reached XP level 3. HP: 28/32 MP: 3/3
  1594 | D:3      | Found a sparkling altar of Nemelex Xobeh.
  2021 | D:3      | Reached skill level 4 in Maces & Flails
  2030 | D:3      | Reached XP level 4. HP: 30/40 MP: 4/4
  2219 | D:3      | Noticed tkappleton's ghost (average HaWz)
  2273 | D:3      | Killed tkappleton's ghost
  2273 | D:3      | Reached XP level 5. HP: 32/48 MP: 5/5
  2379 | D:4      | Noticed an ogre
  2550 | D:4      | Reached skill level 5 in Maces & Flails
  2634 | D:4      | Noticed an ogre
  2668 | D:4      | Slain by an ogre

Action                   |  1- 3 |  4- 6 || total
-------------------------+-------+-------++-------
Melee: Flail             |   166 |    72 ||   238
Evoke: Wand              |       |     2 ||     2
  Use: Scroll            |     6 |     3 ||     9
       Potion            |     7 |     3 ||    10
  Eat: Chunk             |     4 |     2 ||     6

Vault maps used:
D:1:      dpeg_arrival_ternary
D:2:      minivault_5
D:3:      nemelex_xobeh_ov_fountains_minmay
D:4:      nicolae_dithmenos_through_a_glass_darkly,
          minmay_temple_entry_glassed_door
